 Dungeon Crawl Stone Soup version 0.31-a0-237-g2d982f9f85 (webtiles) character file.

Game seed: 17175779070773925484

32 qw the Shooter (level 3, -3/21 HPs)
             Began as a Gargoyle Hexslinger on July 10, 2023.
             Killed from afar by Natasha (8 damage)
             ... with a magic dart
             ... on level 2 of the Dungeon.
             The game lasted 00:00:21 (758 turns).

qw the Shooter (Gargoyle Hexslinger)                 Turns: 758, Time: 00:00:21

Health: -3/21      AC:  8    Str: 11    XL:     3   Next: 25%
Magic:  4/4        EV: 11    Int: 13    God:
Gold:   68         SH:  0    Dex: 14    Spells: 3/4 levels left

rFire   . . .        Y - +1 sling
rCold   . . .        (no shield)
rNeg    + . .        e - +0 leather armour
rPois   inf          (no helmet)
rElec   +            h - +1 cloak
rCorr   .            (no gloves)
SInv    .            (no boots)
Will    .....        (no amulet)
Stlth   +            (no ring)
HPRegen 0.23/turn    (no ring)
MPRegen 0.09/turn

%: no passive effects
@: slowed, very slow
A: sickness immunity, AC +3, negative energy resistance 1, electricity
resistance, torment resistance 1, petrification resistance
a: no special abilities


You were on level 2 of the Dungeon.
You visited 1 branch of the dungeon, and saw 2 of its levels.

You collected 68 gold pieces.


Innate Abilities, Weirdness & Mutations

You are immune to sickness and miasma.
Your stone body is resilient. (AC +3)
You are immune to poison.
You resist negative energy. (rN+)
You are resistant to electric shocks. (rElec)
You are resistant to unholy torment.
You are immune to petrification.


   Skills:
 - Level 2.0 Fighting
 + Level 3.2 Ranged Weapons
 - Level 1.5 Dodging
 - Level 1.0 Spellcasting
 - Level 2.6 Hexes


You had 3 spell levels left.
You knew the following spells:

 Your Spells              Type           Power      Damage    Failure   Level
a - Slow                  Hex            28%        N/A       12%         1

Your spell library contained the following spells:

 Spells                   Type           Power      Damage    Failure   Level
 Inner Flame              Hex/Fire       4%         N/A       54%         3
 Portal Projectile        Hex/Tloc       8%         N/A       54%         3
 Cause Fear               Hex            3%         N/A       77%         4

Inventory:

Hand Weapons
 Y - a +1 sling (weapon)
Armour
 e - a +0 leather armour (worn)
 h - a +1 cloak (worn)
Potions
 d - a potion of cancellation {unknown}
 f - a potion of curing {unknown}
 g - a potion of brilliance {unknown}
 i - a potion of attraction {unknown}

Dungeon Overview and Level Annotations

Branches:
Dungeon (2/15)

Altars:

Annotations:
D:2 Natasha


Message History

Natasha and a ball python come into view.
Natasha hisses angrily.
The ball python hisses angrily.
You shoot a sling bullet. The sling bullet barely misses Natasha.
Natasha claws you.
A goblin comes into view. It is wielding a +0 club.
You shoot a sling bullet. The sling bullet barely misses Natasha.
Natasha stares at you and mumbles some strange words.
You feel yourself slow down. Natasha claws you.
You shoot a sling bullet. The sling bullet misses Natasha.
The ball python bites you. The ball python closely misses you.
The ball python bites you. The ball python barely misses you.
Natasha claws you but does no damage.
You shoot a sling bullet. The sling bullet hits Natasha.
Natasha is lightly wounded.
The ball python bites you. The ball python grabs you.
The ball python constricts you. Natasha claws you but does no damage.
The ball python bites you but does no damage.
The ball python constricts you. The goblin hits you with a +0 club.
Natasha barely misses you. The ball python barely misses you.
The ball python constricts you. The goblin closely misses you.
You shoot a sling bullet. The sling bullet hits the ball python.
You kill the ball python!
Natasha barely misses you. The goblin hits you with a +0 club.
Natasha casts a spell at you.
You feel as though you will be slow longer.
The goblin barely misses you.
You shoot a sling bullet. The sling bullet barely misses Natasha.
Natasha casts a spell.
The goblin hits you but does no damage.
Natasha mumbles some strange words.
The goblin barely misses you.
You shoot a sling bullet.
The sling bullet hits Natasha but does no damage.
Natasha is lightly wounded.
You hear an angry hiss.
Natasha misses you. The goblin closely misses you.
The cerulean imp hits you but does no damage.
Natasha casts a spell at you. The magic dart hits you!
You die...

## ### ....# #.#..
#.###.#.# #.#####
.#...5..# #....<#
.....5h.###.###.###
#@....#.....#
####.##g.#.##.###.##
........###...# #..#
.......#.#.##.###..#
##.#.####.###......#
#... #.# ###.##.#
.... ..# #.##.# ##.
#### #..... #.
####..#


You could see Natasha, 2 cerulean imps and a goblin.

Vanquished Creatures
  2 dart slugs (D:1)
  2 ball pythons
  2 endoplasms (D:1)
  A giant cockroach (D:1)
  3 hobgoblins (D:1)
  6 jackals (D:1)
  A quokka (D:1)
  2 frilled lizards (D:1)
  4 goblins (D:1)
23 creatures vanquished.

Notes
Turn   | Place    | Note
-------+----------+-------------------------------------------
     0 | D:1      | qw the Gargoyle Hexslinger began the quest for the Orb.
     0 | D:1      | Reached XP level 1. HP: 12/12 MP: 2/2
     0 | D:1      | 0 ||| qw: Version: 0.3-a-52-g30416fa
     0 | D:1      | 0 ||| qw: Game counter: 5178
     0 | D:1      | 0 ||| qw: Melee chars always use a shield: true
     0 | D:1      | 0 ||| qw: God list: Okawaru
     0 | D:1      | 0 ||| qw: Allow faded altars: false
     0 | D:1      | 0 ||| qw: Do Orc after clearing Dungeon:15 true
     0 | D:1      | 0 ||| qw: Do second Lair branch before Depths: true
     0 | D:1      | 0 ||| qw: Lair rune preference: random
     0 | D:1      | 0 ||| qw: Goals: Normal
     0 | D:1      | 0 ||| PLANNING D:1-11
     3 | D:1      | Noticed an electric eel
     4 | D:1      | Noticed an electric eel
   102 | D:1      | Reached XP level 2. HP: 16/16 MP: 3/3
   174 | D:1      | Reached skill level 3 in Ranged Weapons
   442 | D:1      | Reached XP level 3. HP: 21/21 MP: 4/4
   692 | D:1      | 692 ||| UPGRADING to +0 leather armour.
   702 | D:1      | 702 ||| DROPPING +0 robe.
   703 | D:1      | 703 ||| UPGRADING to +1 cloak.
   708 | D:1      | 708 ||| READING scroll labelled SIJUGG ROEMOHO.
   709 | D:1      | 709 ||| READING scroll labelled SEOQESHREIB.
   710 | D:1      | 710 ||| READING scroll labelled XIKAKL YVAISYM.
   711 | D:1      | 711 ||| DROPPING scroll of poison.
   751 | D:2      | Noticed Natasha
   756 | D:2      | HP: 4/21 [goblin/+0 club (4)]
   758 | D:2      | Killed from afar by Natasha

Levels and vault maps discovered:
D:1:      arrival_aquarium_b, layout_basic, minmay_cut_off
D:2:      layout_loops_ring, hangedman_decor_growths, uniq_natasha

Skill      XL: |  1  2  3 |
---------------+----------+-----
Ranged Weapons | 3 |  3.2
Fighting       | 2 |  2.0
Dodging        | |  1.5
Spellcasting   | |  1.0
Hexes          | |  2.6

Action                     || total
---------------------------++-------
   Fire: Sling             ||    97
    Use: Scroll            ||     3
 Armour: Robe              ||    25
         Leather armour    ||     5
  Dodge: Dodged            ||    59

Table legend:
 A = Non-vault XP
 B = Vault XP
 C = Vault XP percentage of total XP
 D = Non-vault monster count
 E = Vault monster count
 F = Vault count percentage of total count
                 A         B        C        D         E       F
            +---------+---------+-------+---------+---------+-------
      Total |      37 |       9 |  19.6 |      19 |       4 |  17.4
            +---------+---------+-------+---------+---------+-------
        D:1 |      36 |       9 |  20.0 |      18 |       4 |  18.2
        D:2 |       1 |       0 |   0.0 |       1 |       0 |   0.0
            +---------+---------+-------+---------+---------+-------
